 Dungeon Crawl Stone Soup version 0.31.0-32-g396128a36d (webtiles) character file.

Game seed: 5458011098740432632

526 gigafelon the Trooper (level 7, -2/112 HPs)
             Began as an Oni Berserker on Mar 8, 2024.
             Was a Priest of Trog.
             Slain by a gnoll sergeant
             ... wielding a +0 spear
              (11 damage)
             ... on level 5 of the Dungeon.
             The game lasted 00:09:56 (3897 turns).

gigafelon the Trooper (Oni Berserker)               Turns: 3897, Time: 00:09:57

Health: -2/112     AC:  4    Str: 29      XL:     7   Next: 23%
Magic:  7/7        EV: 10    Int:  3 (7)  God:    Trog [***...]
Gold:   256        SH:  0    Dex: 10 (12) Spells: 6/6 levels left

rFire   + . .        u - +3 quarterstaff (chaos)
rCold   . . .        (shield currently unavailable)
rNeg    . . .        b - +1 animal skin
rPois   .            (helmet restricted)
rElec   .            (no cloak)
rCorr   .            (gloves unavailable)
SInv    .            (boots unavailable)
Will    .....        (no amulet) Stlth
                     i - +6 ring of strength
HPRegen 0.38/turn    (no ring)
MPRegen 0.10/turn

%: no passive effects
@: berserking, weak-willed, attractive, enlightened, flying, hasted, very quick
A: large, unfitting armour, horns 1, tough skin 1, double potion healing,
drunken brawling, agile 1, deterioration 1, fire resistance 1
a: Renounce Religion, Berserk, Trog's Hand


You were on level 5 of the Dungeon.
You worshipped Trog.
Trog was most pleased with you.
You visited 2 branches of the dungeon, and saw 6 of its levels.

You collected 256 gold pieces.

Inventory:

Hand Weapons
 a - a +0 spear
 g - a +0 antimagic trident
 u - a +3 quarterstaff of chaos (weapon)
Missiles
 t - a throwing net (quivered)
Armour
 b - a +1 animal skin (worn)
Jewellery
 c - a ring of magical power
 h - a ring of fire
 i - a +6 ring of strength (left hand)
Talismans
 n - a granite talisman
Wands
 q - a wand of roots (10)
Scrolls
 d - a scroll of fog
 f - a scroll of teleportation
 m - 2 scrolls of immolation


   Skills:
 + Level 6.3 Fighting
 + Level 5.4(5.5) Polearms
 + Level 0.2(3.3) Staves
 + Level 4.5 Dodging
 + Level 1.1 Stealth


You had 6 spell levels left.
You didn't know any spells.
Your spell library was empty.

Dungeon Overview and Level Annotations

Branches:
Dungeon (5/15)             Temple (1/1) D:4

Altars:
Ashenzari
Cheibriados
Dithmenos
Elyvilon
Fedhas
Gozag
Hepliaklqana
Kikubaaqudgha
Makhleb
Nemelex Xobeh
Okawaru
Qazlal
Trog
Uskayaw
Xom
Zin
The Shining One


Innate Abilities, Weirdness & Mutations

You are too large for most types of armour.
You have a pair of small horns on your head.
You have tough skin. (AC +1)
You gain doubled healing and magic from potions.
Whenever you drink a healing potion, you attack all around you.
You are agile. (Dex +4, Str/Int -1)
Your body sometimes deteriorates upon taking damage.
Your flesh is heat resistant. (rF+)


Message History

Trog accepts your kill. The gnoll sergeant blocks your attack.
The gnoll sergeant is heavily wounded.
You savour every drop.
You feel better.
You feel your strength returning.
You barely miss the gnoll sergeant.
The gnoll sergeant is heavily wounded.
The gnoll barely misses you.
The gnoll sergeant hits you with a +0 spear.
You hit the gnoll sergeant but do no damage.
The gnoll sergeant is heavily wounded.
The gnoll hits you from afar with a +0 spear.
The gnoll sergeant hits you with a +0 spear!
* * * LOW HITPOINT WARNING * * *
The gnoll sergeant blocks your attack.
Your headbutt misses the gnoll sergeant.
The gnoll sergeant is heavily wounded.
You aren't carrying any potions.
A red film seems to cover your vision as you go berserk!
You feel yourself moving faster!
You feel mighty!
The gnoll hits you from afar with a +0 spear.
* * * LOW HITPOINT WARNING * * *
The gnoll sergeant hits you with a +0 spear.
* * * LOW HITPOINT WARNING * * *
You hit the gnoll sergeant but do no damage.
You headbutt the gnoll sergeant.
The gnoll sergeant is heavily wounded.
The gnoll hits you from afar with a +0 spear.
* * * LOW HITPOINT WARNING * * *
The gnoll sergeant completely misses you.
You hit the gnoll sergeant.
The gnoll sergeant seems to speed up.
The gnoll sergeant is severely wounded.
The gnoll sergeant hits you with a +0 spear.
* * * LOW HITPOINT WARNING * * *
The gnoll attacks as it pursues you!
The gnoll hits you from afar with a +0 spear.
* * * LOW HITPOINT WARNING * * *
A gnoll comes into view.
It is wielding a +2 halberd of protection.
The gnoll sergeant hits you from afar with a +0 spear!
You die...

#.#####
#....@#
ยง######.#
......gg#
.######)#
#.. #...
g....
#....#
......


You could see a gnoll sergeant (fast) and 2 gnolls.

Vanquished Creatures
  3 scorpions
  Crazy Yiuf (D:4)
  An orc priest (D:4)
  An iguana (D:4)
  Natasha (thrice) (D:2)
  6 gnolls
  2 adders (D:2)
  A dart slug (D:2)
  3 ribbon worms (D:3)
  7 orcs
  3 endoplasms
  13 giant cockroaches
  6 goblins
  13 hobgoblins
  6 jackals
  7 quokkas
  5 ball pythons
  6 bats
  2 frilled lizards
  6 kobolds
  3 rats
98 creatures vanquished.

Notes
Turn   | Place    | Note
-------+----------+-------------------------------------------
     0 | D:1      | gigafelon the Oni Berserker began the quest for the Orb.
     0 | D:1      | Reached XP level 1. HP: 24/24 MP: 1/1
   197 | D:1      | Reached XP level 2. HP: 30/32 MP: 2/2
   478 | D:1      | Found a faded altar of an unknown god.
   742 | D:2      | Reached XP level 3. HP: 34/40 MP: 3/3
   948 | D:2      | Reached ** piety under Trog
   970 | D:2      | Noticed Natasha
  1000 | D:2      | Killed Natasha
  1001 | D:2      | Reached XP level 4. HP: 40/49 MP: 4/4
  1018 | D:2      | Reached skill level 5 in Fighting
  1086 | D:2      | Found a hazy altar of Hepliaklqana.
  1088 | D:2      | Noticed Natasha
  1105 | D:2      | Killed Natasha
  1134 | D:2      | Noticed Natasha
  1142 | D:2      | Killed Natasha
  1143 | D:2      | Reached XP level 5. HP: 35/57 MP: 5/5
  1845 | D:3      | Gained mutation: You are agile. (Dex +4, Str/Int -1)
                  | [potion of mutation]
  1845 | D:3      | Gained mutation: Your body sometimes deteriorates upon
                  | taking damage. [potion of mutation]
  1845 | D:3      | Gained mutation: Your flesh is heat resistant. (rF+)
                  | [potion of mutation]
  2003 | D:3      | Found a stormy altar of Qazlal.
  2465 | D:4      | Reached *** piety under Trog
  2474 | D:4      | Reached XP level 6. HP: 52/66 MP: 2/6
  2674 | D:4      | Found a staircase to the Ecumenical Temple.
  2746 | Temple   | Entered the Ecumenical Temple
  2987 | D:4      | Reached skill level 5 in Polearms
  3325 | D:4      | Reached skill level 6 in Fighting
  3331 | D:4      | Reached skill level 1 in Stealth
  3541 | D:4      | Found a runed translucent door.
  3542 | D:4      | Noticed Crazy Yiuf
  3606 | D:4      | Killed Crazy Yiuf
  3607 | D:4      | Reached XP level 7. HP: 29/75 MP: 2/7
  3874 | D:5      | Entered Level 5 of the Dungeon
  3897 | D:5      | Slain by a gnoll sergeant

Illustrated notes

Levels and vault maps discovered:
D:1:      onia_arrival_mini_spirals, layout_loops_ring, basic_ecumenical_altar
D:2:      layout_loops_ring, basic_altar, uniq_natasha
D:3:      minmay_roachtagon, layout_basic, general_overflow_altar,
          minmay_between
D:4:      layout_rooms, minmay_temple_entry_trees, minmay_strange_pillars,
          uniq_crazy_yiuf_cottage
D:5:      layout_basic, mainiacjoe_overflow_surrounded_room,
          nicolae_overflow_crystal_walls, dreamdust_mushroom_princess, uniq_ijyb
Temple:   kb_temple_of_zot

Skill      XL: |  1  2  3  4  5  6 |
---------------+-------------------+-----
Dodging        | 3 4 |  4.5
Fighting       | 5 6 |  6.3
Polearms       | 4 5 |  5.4
Stealth        | 1 |  1.1
Staves         | |  0.2

Action                     |  1- 3 |  4- 6 |  7- 9 || total
---------------------------+-------+-------+-------++-------
  Melee: Spear             |   105 |    16 |       ||   121
         Headbutt          |    14 |    27 |     3 ||    44
         Punch             |     1 |     3 |       ||     4
         Trident           |       |   157 |       ||   157
         Quarterstaff      |       |       |    17 ||    17
 Invoke: Berserk           |     1 |     2 |     1 ||     4
    Use: Potion            |     2 |     5 |     5 ||    12
         Scroll            |     4 |       |     5 ||     9
   Stab: Sleeping          |       |     2 |       ||     2
 Armour: Animal skin       |    93 |   134 |    22 ||   249
  Dodge: Dodged            |    75 |    97 |    10 ||   182
